 Dungeon Crawl Stone Soup version 0.21.1-1-g345015f (webtiles) character file.

36 wilfster70 the Grasshopper (level 3, -1/24 HPs)
             Began as a Halfling Warper on June 6, 2018.
             Slain by an adder (2 damage)
             ... on level 1 of the Dungeon.
             The game lasted 00:06:15 (1637 turns).

wilfster70 the Grasshopper (Halfling Warper)        Turns: 1637, Time: 00:06:16

Health: -1/24      AC:  9    Str: 12    XL:     3   Next: 57%
Magic:  5/5        EV:  8    Int: 12    God:
Gold:   95         SH:  0    Dex: 13    Spells: 1/5 levels left

rFire    . . .     SeeInvis .   o - -1 hunting sling (curse)
rCold    + . .     Gourm    .   (shield restricted)
rNeg     . . .     Faith    .   j - +0 chain mail
rPois    .         Spirit   .   (no helmet)
rElec    .         Reflect  .   l - +0 cloak
rCorr    .         Harm     .   (no gloves)
MR       .....                  (no boots)
Stlth    ..........             (no amulet)
HPRegen  0.08/turn              n - ring of protection from cold
MPRegen  0.09/turn              (no ring)

@: lethally poisoned (-1 -> -5)
A: small, mutation resistance 1
a: no special abilities


You were on level 1 of the Dungeon.
You were very hungry.

You visited 1 branch of the dungeon, and saw 2 of its levels.

You collected 95 gold pieces.

Inventory:

Hand Weapons
 a - a +0 short sword of speed
 o - a cursed -1 hunting sling (weapon)
Missiles
 g - 8 stones (quivered)
Armour
 b - a +0 leather armour
 j - a +0 chain mail (worn)
 k - a +0 shield
 l - a +0 cloak (worn)
Jewellery
 n - a ring of protection from cold (left hand)
Scrolls
 d - a scroll of blinking
 m - 2 scrolls of identify {unknown}
Books
 c - a book of Spatial Translocations

   Spells                             Type                      Level
   a - Blink                          Translocation                2
   b - Shroud of Golubria             Charms/Translocation         2
   c - Lesser Beckoning               Translocation                3
   d - Gell's Gravitas                Translocation                3
   e - Teleport Other                 Translocation                3
   f - Passage of Golubria            Translocation                4
Comestibles
 f - 8 rations


   Skills:
 - Level 1.9 Fighting
 - Level 2.6 Short Blades
 + Level 2.8(3.1) Slings
 - Level 1.1(1.7) Throwing
 - Level 1.2 Armour
 - Level 2.3 Dodging
 - Level 1.7 Spellcasting
 - Level 0.4 Charms
 - Level 3.3 Translocations


You had one spell level left.
You knew the following spells:

 Your Spells              Type           Power        Failure   Level  Hunger
a - Blink                 Tloc           N/A          99%         2    ###....
b - Shroud of Golubria    Chrm/Tloc      #.........   100%        2    ###....


Dungeon Overview and Level Annotations

Branches:
Dungeon (2/15)

Altars:


Innate Abilities, Weirdness & Mutations

You are small and have problems with some larger weapons.
You are somewhat resistant to further mutation.


Message History

The adder closely misses you.
It was a potion of magic.
Magic courses through your body.
* * * LOW HITPOINT WARNING * * *
You feel sick. The adder barely misses you.
It was a potion of cancellation.
You feel magically purged. The adder barely misses you.
Firing (i - inventory):
g - 10 stones (quivered)
Press: ? - help, Shift-Dir - straight line, f - adder
Aim: an adder You shoot a stone.
The stone misses the adder.
The stone closely misses the gnoll.
* * * LOW HITPOINT WARNING * * *
You feel sick.
The adder bites you but does no damage. x2
Firing (i - inventory):
g - 9 stones (quivered)
Press: ? - help, Shift-Dir - straight line, f/p - adder
Aim: an adder You shoot a stone.
The stone hits the adder but does no damage.
The adder bites you.
You die...

##### ### #.#(#######.#
#...>.......# #####
##.#.........# ..[.#
#...g.....#..# ###.#
#..#S####.#..# ....#
#..#@#..#.#..# .#..#
#######..#.#....#..#
.#..###........#.#.####..#
.#.[#.#.######.#.........#
.#..#.#..........#.#####.########
##..#.#..#####.#.#.# #..........#
.............#.#.#.# #.#........#
##..####.###.#.#.#.# #.##########
......>..# #.#.#.#.###...........


You could see a gnoll and an adder.

Vanquished Creatures
  A gnoll (D:2)
  A worm (D:2)
  2 dart slugs (D:1)
  3 leopard geckos
  A giant cockroach (D:1)
  A goblin (D:2)
  A hobgoblin (D:1)
  2 ball pythons
  A bat (D:1)
  2 frilled lizards
  3 kobolds
18 creatures vanquished.

Notes
Turn   | Place    | Note
-------+----------+-------------------------------------------
     0 | D:1      | wilfster70 the Halfling Warper began the quest for the Orb.
     0 | D:1      | Reached XP level 1. HP: 14/14 MP: 3/3
   159 | D:1      | Reached XP level 2. HP: 8/19 MP: 4/4
   337 | D:1      | Learned a level 2 spell: Blink
   340 | D:1      | Learned a level 2 spell: Shroud of Golubria
  1055 | D:2      | Reached skill level 1 in Slings
  1082 | D:2      | Reached XP level 3. HP: 14/24 MP: 5/5
  1636 | D:1      | HP: 1/24 [poisoned by an adder]
  1637 | D:1      | Slain by an adder

Skill      XL: |  1  2  3 |
---------------+----------+-----
Slings         | 1 2 |  2.8
Fighting       | |  1.9
Short Blades   | |  2.6
Throwing       | |  1.1
Armour         | |  1.2
Dodging        | |  2.3
Spellcasting   | |  1.7
Charms         | |  0.4
Translocations | |  3.3

Action                   || total
-------------------------++-------
Melee: Short sword       ||    40
 Fire: Hunting sling     ||    58
Throw: Tomahawk          ||     5
  Use: Scroll            ||     5
       Potion            ||     2
  Eat: Chunk             ||     1
Armor: Leather armour    ||    12
       Chain mail        ||    47
Dodge: Dodged            ||    58
